 Dungeon Crawl Stone Soup version 0.32-a0-312-g1d7162e751 (webtiles) character file.

Game seed: 7430173075437184545

1353 Kenran the Cleaver (level 8, 0/68 (73) HPs)
             Began as a Minotaur Summoner on Feb 15, 2024.
             Slain by a wight
             ... wielding a +3 great sword of freezing
              (6 damage)
             ... on level 6 of the Dungeon.
             The game lasted 00:09:26 (5012 turns).

Kenran the Cleaver (Minotaur Summoner)              Turns: 5012, Time: 00:09:27

HP:   0/68 (73)     AC: 10    Str: 14    XL:     8   Next: 36%
MP:   3/3           EV:  7    Int: 12    God:
Gold: 221           SH:  0    Dex: 12    Spells: 8/9 levels left

rFire   . . .        g - +2 war axe (antimagic)
rCold   . . .        (no shield)
rNeg    . . .        p - +0 chain mail
rPois   .            (helmet restricted)
rElec   .            r - +0 cloak
rCorr   .            k - +0 pair of gloves
SInv    .            (no boots)
Will    .....        (no amulet) Stlth
                     (no ring)
HPRegen 0.31/turn    (no ring)
MPRegen 0.08/turn

%: no passive effects
@: drained
A: horns 2, retaliatory headbutt
a: no special abilities


You were on level 6 of the Dungeon.
You visited 1 branch of the dungeon, and saw 6 of its levels.
You also visited: Sewer.

You collected 221 gold pieces.

Inventory:

Hand Weapons
 d - a +0 flail
 f - a +0 short sword
 g - a +2 antimagic war axe (weapon)
 h - a +0 mace
Armour
 k - a +0 pair of gloves (worn)
 p - a +0 chain mail (worn)
 r - a +0 cloak (worn)
Scrolls
 a - a scroll of torment {!r}
 e - a scroll of enchant weapon
 i - 3 scrolls of enchant armour
 j - 2 scrolls of poison {!r}
 m - 2 scrolls of teleportation
 n - a scroll of fog
 q - 2 scrolls of fear {unknown}
 u - 2 scrolls of vulnerability {unknown}
 y - a scroll of blinking {unknown}
Potions
 b - 3 potions of magic
 c - a potion of attraction {!q}
 l - a potion of ambrosia
 o - 3 potions of mutation {!q}
 s - a potion of degeneration {unknown}
 t - a potion of might
 v - a potion of cancellation {unknown}
 w - 2 potions of invisibility {unknown}
 x - a potion of heal wounds {unknown}
 z - a potion of brilliance {unknown}


   Skills:
 - Level 7.3 Fighting
 + Level 9.6 Axes
 - Level 2.1 Dodging
 - Level 1.5 Stealth
 - Level 1.3 Spellcasting
 - Level 2.9 Summonings


You had 8 spell levels left.
You knew the following spells:

 Your Spells              Type           Power      Damage    Failure   Level
a - Summon Small Mammal   Summ           28%        N/A       86%         1

Your spell library contained the following spells:

 Spells                   Type           Power      Damage    Failure   Level
 Call Imp                 Summ           14%        N/A       95%         2
 Magic Dart               Conj           0%         1d3       99%         1
 Call Canine Familiar     Summ           7%         N/A       99%         3
 Blink                    Tloc           0%         N/A       100%        2
 Ensorcelled Hibernation  Hex/Ice        0%         N/A       100%        2
 Passwall                 Erth           0%         N/A       100%        3
 Swiftness                Air            0%         N/A       100%        3
 Tukima's Dance           Hex            0%         N/A       100%        3
 Dimensional Bullseye     Hex/Tloc       0%         N/A       100%        4
 Iskenderun's Mystic Bla  Conj/Tloc      0%         2d3       100%        4
 Summon Blazeheart Golem  Fire/Summ      4%         N/A       100%        4
 Summon Lightning Spire   Summ/Air       4%         N/A       100%        4


Dungeon Overview and Level Annotations

Branches:
Dungeon (6/15)              Sewer (visited)
 Temple: D:4-7

Altars:
Wu Jian

Shops:
D:2 [   D:4 =


Innate Abilities, Weirdness & Mutations

You have a pair of horns on your head.
You reflexively headbutt those who attack you in melee.


Message History

There are monsters nearby!
You aren't carrying any items that you can evoke.
Unknown command.
You slash the wight!
The wight is severely damaged.
The wight hits you with a +3 dagger of freezing!
You feel drained. The wight freezes you.
You hit the wight.
The wight is almost destroyed.
The wight hits you with a +3 dagger of freezing!
The wight freezes you.
You hit the wight but do no damage.
You headbutt the wight, but do no damage.
The wight is almost destroyed.
The wight hits you but does no damage.
You barely miss the wight. You headbutt the wight.
You destroy the wight!
Your life force feels restored.
You slash the wight!
The wight is heavily damaged.
The wight hits you with a +3 great sword of freezing.
The wight freezes you.
You barely miss the wight.
The wight is heavily damaged.
The wight barely misses you.
You hit the wight but do no damage.
The wight is heavily damaged.
The wight hits you with a +3 great sword of freezing!
You feel drained. The wight freezes you.
You barely miss the wight.
The wight is heavily damaged.
The wight barely misses you. You furiously retaliate!
You headbutt the wight. You barely miss the wight.
The wight is severely damaged.
The wight hits you with a +3 great sword of freezing!!
* * * LOW HITPOINT WARNING * * *
You feel drained.
* * * LOW HITPOINT WARNING * * *
The wight freezes you.
You die...

############
...>.......##############
######.##..@z...........
#...#########.......
#~~~# .####.. ## #~~~# .#
.# #~~~# z# .# # #~~~# ..
.##.# #~∧~# .# ..#.####
#~~~# .# .......# #~~~#


You could see a wight.

Vanquished Creatures
  An ice beast (D:6)
  2 black bears (D:4)
  An ogre (D:6)
  Blork the orc (D:4)
  2 scorpions
  A wight (D:6)
  A hound (D:4)
  3 jellies
  A bombardier beetle (D:3)
  Jessica (D:3)
  3 orc wizards
  6 iguanas
  9 adders
  2 river rats (Sewer)
  A shadow imp (D:5)
  A white imp (D:5)
  2 dart slugs
  5 ribbon worms
  13 orcs
  7 ball pythons
  8 bats
  12 endoplasms
  14 giant cockroaches
  9 goblins
  6 hobgoblins
  6 kobolds
  8 quokkas
  4 frilled lizards
  7 rats
137 creatures vanquished.

Vanquished Creatures (collateral kills)
  A kobold (D:1)
1 creature vanquished.

Grand Total: 138 creatures vanquished

Notes
Turn   | Place    | Note
-------+----------+-------------------------------------------
     0 | D:1      | Kenran the Minotaur Summoner began the quest for the Orb.
     0 | D:1      | Reached XP level 1. HP: 14/14 MP: 1/1
   174 | D:1      | Reached skill level 1 in Fighting
   252 | D:1      | Found a faded altar of an unknown god.
   442 | D:1      | Reached XP level 2. HP: 24/24 MP: 3/3
   903 | D:2      | Reached XP level 3. HP: 31/31 MP: 4/4
  1069 | D:2      | Reached XP level 4. HP: 35/41 MP: 5/5
  1231 | D:2      | Reached skill level 5 in Fighting
  1233 | D:2      | HP: 1/42 [orc/+0 flail (7)]
  1406 | D:2      | Found Kepsovomn's Armour Emporium.
  1861 | D:3      | Noticed Jessica
  1868 | D:3      | Killed Jessica
  1869 | D:3      | Reached XP level 5. HP: 50/50 MP: 6/6
  1939 | D:3      | You fall into a shaft and drop 1 floor!
  2095 | D:4      | Noticed Blork the orc
  2103 | D:4      | Killed Blork the orc
  2104 | D:4      | Reached XP level 6. HP: 44/60 MP: 3/7
  2198 | D:4      | Reached skill level 2 in Axes
  2332 | D:4      | Found an ornate altar of the Wu Jian Council.
  2526 | D:3      | Reached skill level 3 in Axes
  2992 | D:4      | Reached skill level 4 in Axes
  3181 | D:4      | Found Riuvaix's Jewellery Shoppe.
  3196 | D:4      | Reached skill level 5 in Axes
  3196 | D:4      | Reached XP level 7. HP: 60/66 MP: 2/8
  3306 | D:4      | Reached skill level 6 in Axes
  3561 | D:5      | Entered Level 5 of the Dungeon
  3974 | D:5      | Reached skill level 7 in Axes
  4465 | D:6      | Reached skill level 8 in Axes
  4465 | D:6      | Reached XP level 8. HP: 48/73 MP: 3/9
  4609 | D:6      | Found a glowing drain.
  4630 | Sewer    | Entered a sewer
  4744 | Sewer    | Reached skill level 9 in Axes
  4875 | Sewer    | Found a viscous altar of Jiyva.
  5012 | D:6      | Slain by a wight

Illustrated notes

Levels and vault maps discovered:
D:1:      amcnicky_arrival_wind_blow, layout_loops_ring,
          shapermc_ecumenical_altar_mp_ritualfount
D:2:      layout_basic, serial_shops, nicolae_shop_window_shopping,
          minmay_between
D:3:      minmay_spotlight, layout_loops_ring, uniq_jessica
D:4:      minmay_diamond_boxcup, layout_basic, nzn_wu_jian_council_hall,
          serial_shops, shop, uniq_blork_the_orc
D:5:      layout_basic, glass_columns_a
D:6:      layout_loops_ring, jmf_multi_god_temple, portal_sewer_entry_f

Skill      XL: |  1  2  3  4  5  6  7  8 |
---------------+-------------------------+-----
Fighting       | 2 3 4 5 7 |  7.3
Axes           | 5 8 9 |  9.6
Dodging        | |  2.1
Stealth        | |  1.5
Spellcasting   | |  1.3
Summonings     | |  2.9

Action                     |  1- 3 |  4- 6 |  7- 9 || total
---------------------------+-------+-------+-------++-------
  Melee: Short sword       |    21 |       |       ||    21
         Unarmed           |    15 |       |       ||    15
         Headbutt          |    13 |    33 |    30 ||    76
         Mace              |    45 |    44 |       ||    89
         Flail             |       |    43 |       ||    43
         War axe           |       |    51 |   165 ||   216
   Cast: Summon Small Mamm |     1 |       |       ||     1
    Use: Scroll            |     4 |     6 |       ||    10
         Potion            |       |     4 |       ||     4
   Stab: Sleeping          |     2 |       |       ||     2
 Armour: Robe              |    13 |       |       ||    13
         Ring mail         |    29 |    62 |       ||    91
         Scale mail        |       |    10 |       ||    10
         Chain mail        |       |    67 |   139 ||   206
  Dodge: Dodged            |    31 |    74 |    62 ||   167

Table legend: (Time is in decaauts)
 A = Elapsed time spent in this place.
 B = Non-inter-level travel time spent in this place.
 C = Inter-level travel time spent in this place.
 D = Time resting spent in this place.
 E = Time spent auto-exploring this place.
 F = Levels seen in this place.
 G = Mean time per level.
                   A        B        C        D        E       F      G
               +--------+--------+--------+--------+--------+-----+--------+
         Total |   5121 |   4943 |    178 |    571 |   2897 |   7 |  731.6 |
       Dungeon |   4753 |   4575 |    178 |    466 |   2826 |   6 |  792.2 |
         Sewer |    367 |    367 |      0 |    105 |     70 |   1 |  367.0 |
               +--------+--------+--------+--------+--------+-----+--------+

Top non-repeatable levels by time:
     D:4: 1167 daAuts
     D:2: 1026 daAuts
     D:5: 891 daAuts
     D:1: 855 daAuts
     D:3: 586 daAuts
   Sewer: 367 daAuts
     D:6: 225 daAuts
